[Event "*** SCC Grand Prix: Titled Tuesday Blitz"]
[Site "Chess.com"]
[Date "2020.07.07"]
[Round "5"]
[White "Djager97"]
[Black "inegrepus"]
[Result "1-0"]
[WhiteElo "2396"]
[BlackElo "2182"]
[TimeControl "180+1"]
[EndTime "10:53:54 PDT"]
[Termination "Djager97 won by resignation"]

1. e4 e5 2. Nf3 Nc6 3. d4 exd4 4.
Nxd4 Nf6 5. Nxc6 bxc6 6. e5 Qe7 7. Qe2 Nd5 8. c4 Nb6 9. b3 d5 10. exd6 Qxe2+ 11. Bxe2 cxd6 12. Bf4 Be7 13. Nc3 O-O 14.
Rd1 d5 15. cxd5 cxd5 16. O-O Be6 17. Bf3 Rfd8 18. Nb5 a6 19. Nc7 Rac8 20. Rfe1 Bb4 21. Nxe6 fxe6 22. Rxe6 Ba5 23. b4 Kf7 24. bxa5 Kxe6 25.
axb6 Rc6 26. b7 Rb6 27. Bc7 1-0

[Event "*** SCC Grand Prix: Titled Tuesday Blitz"]
[Site "Chess.com"]
[Date "2020.07.07"]
[Round "5"]
[White "OnePeculiarConundrum"]
[Black "NarminSoyunlu"]
[Result "1-0"]
[WhiteElo "2355"]
[BlackElo "2070"]
[TimeControl "180+1"]
[EndTime "10:53:55 PDT"]
[Termination "OnePeculiarConundrum won by resignation"]

1. e4 e5 2. Nf3 Nc6 3. Bb5 a6 4. Ba4 Nf6 5. d4 exd4 6. O-O b5 7. Bb3 Bc5 8. e5 Ng4 9. Qe2 O-O 10. h3 d3 11. cxd3 Nxf2 12. Rxf2 Bxf2+ 13. Qxf2 d5 14. Nc3 Be6 15. d4 Qd7 16. Be3 Rac8 17. Qg3 Kh8 18. Rf1 Na5 19. Bc2 Nc4 20. Bc1 Bf5 21. Bxf5 Qxf5 22.
Ng5 Qg6 23. Nxd5 Rce8 24. b3 Nb6 25. Nf4 Qc2 26. Nh5 h6 27. Nxf7+ Rxf7 28. Rxf7 g5 29.
Bxg5 Qd1+ 30. Kh2 1-0

[Event "*** SCC Grand Prix: Titled Tuesday Blitz"]
[Site "Chess.com"]
[Date "2020.07.07"]
[Round "5"]
[White "GianmarcoVaR"]
[Black "Atanejhad"]
[Result "1-0"]
[WhiteElo "2534"]
[BlackElo "2383"]
[TimeControl "180+1"]
[EndTime "10:53:57 PDT"]
[Termination "GianmarcoVaR won by resignation"]

1. d4 Nf6 2. c4 e6 3. g3 b6 4.
Bg2 c6 5. e4 d5 6. e5 Nfd7 7.
Nd2 Ba6 8. Ne2 Bb4 9. cxd5 cxd5 10.
O-O O-O 11. Nf3 Nc6 12. Nf4 Bxf1 13. Bxf1 Rc8 14. Bd3 Re8 15. h4 Nf8 16. Be3 Ne7 17.
a3 Bc3 18. bxc3 Rxc3 19. h5 Qc7 20. Bd2 Rc8 21. Bxc3 Qxc3 22. a4 h6 23. Ne2 Qa5 24.
Qd2 Nc6 25. Bb5 Nb4 26. Rb1 Nc2 27. Qxa5 bxa5 28. Rc1 1-0

[Event "*** SCC Grand Prix: Titled Tuesday Blitz"]
[Site "Chess.com"]
[Date "2020.07.07"]
[Round "5"]
[White "GracefulYear"]
[Black "quesfr"]
[Result "1-0"]
[WhiteElo "2429"]
[BlackElo "2206"]
[TimeControl "180+1"]
[EndTime "10:53:58 PDT"]
[Termination "GracefulYear won on time"]

1. d4 d5 2. c4 e6 3. Nf3 Nf6 4. g3 Be7 5. Bg2 O-O 6. O-O dxc4 7. Qc2 b5 8. Ne5 Qxd4 9. Bxa8 Qxe5 10. Bg2 Nbd7 11.
a4 a6 12. axb5 axb5 13. Nc3 Nb6 14. Bf4 Qc5 15. Be3 Qe5 16. Bf4 Qc5 17. Be3 Qe5 18.
Rfd1 Bd6 19. Bd4 Qh5 20. Bf3 Ng4 21. Bxg4 Qxg4 22. Bxb6 Bb7 23. Nxb5 Qh3 24. e4 Be5 25. Bd4 Bxd4 26. Nxd4 f5 27. Qxc4 1-0

[Event "*** SCC Grand Prix: Titled Tuesday Blitz"]
[Site "Chess.com"]
[Date "2020.07.07"]
[Round "5"]
[White "chessplayer9919"]
[Black "Duhless"]
[Result "0-1"]
[WhiteElo "2660"]
[BlackElo "3059"]
[TimeControl "180+1"]
[EndTime "10:54:04 PDT"]
[Termination "Duhless won by resignation"]

1. d4 Nf6 2. c4 g6 3. Nc3 Bg7 4. e4 d6 5. f4 O-O 6. Nf3 c5 7. d5 b5 8. cxb5 a6 9. a4 Ne8 10. bxa6 Nc7 11. a7 Rxa7 12. Bc4 Ba6 13. Bxa6 Nbxa6 14. Nb5 Ra8 15. Nxc7 Qxc7 16. O-O c4 17. e5 Nb4 18. Be3 Ra5 19. Qe1 Nc2 20. Qd2 Nxa1 21.
Rxa1 Rfa8 22. Nd4 Rxd5 23. Qc1 dxe5 24. Nb5 Qc6 25. fxe5 Bxe5 26. Bf2 Rad8 27. Qe1 Bxb2 28.
Rb1 c3 29. Be3 c2 30. Rxb2 Rd1 0-1

[Event "*** SCC Grand Prix: Titled Tuesday Blitz"]
[Site "Chess.com"]
[Date "2020.07.07"]
[Round "5"]
[White "karinachess1"]
[Black "anon569"]
[Result "1-0"]
[WhiteElo "2502"]
[BlackElo "2353"]
[TimeControl "180+1"]
[EndTime "10:54:04 PDT"]
[Termination "karinachess1 won by resignation"]

1. Nf3 Nf6 2. g3 g6 3. Bg2 Bg7 4. O-O O-O 5. d4 d6 6. b3 Nbd7 7. Bb2 c6 8. c4 Qc7 9. Nc3 e5 10. e4 Re8 11. Re1 exd4 12. Nxd4 Nb6 13. Qc2 Bd7 14.
Rad1 Rad8 15. h3 Bc8 16. f4 Re7 17. Kh2 Rde8 18. Ba3 Rd7 19. Ndb5 cxb5 20. Nxb5 Qb8 21. Bxd6 Rxd6 22. Nxd6 Rd8 23. c5 Nbd7 24. Qc4 Rf8 25. e5 Nh5 26. Nxf7 1-0

[Event "*** SCC Grand Prix: Titled Tuesday Blitz"]
[Site "Chess.com"]
[Date "2020.07.07"]
[Round "5"]
[White "vesalhamedinia"]
[Black "yamalchess"]
[Result "0-1"]
[WhiteElo "2215"]
[BlackElo "2454"]
[TimeControl "180+1"]
[EndTime "10:54:04 PDT"]
[Termination "yamalchess won by resignation"]

1. d4 f5 2. c4 Nf6 3. Nc3 g6 4. Nf3 Bg7 5. Bf4 d6 6. e3 b6 7. h3 Bb7 8. Be2 e6 9. O-O Qe7 10. a4 a5 11. Nb5 Na6 12. Rc1 Ne4 13. Qb3 O-O 14. Rfd1 g5 15. Bh2 g4 16. hxg4 fxg4 17. Nd2 Nxf2 18. Rf1 Qh4 19. e4 Nxe4 20. Nxe4 Bxe4 21.
Bg3 Qg5 22. Rcd1 Rxf1+ 23. Bxf1 Rf8 24. Nc3 Qe3+ 25. Kh2 Bxd4 26. Be2 Qh6+ 0-1

[Event "*** SCC Grand Prix: Titled Tuesday Blitz"]
[Site "Chess.com"]
[Date "2020.07.07"]
[Round "5"]
[White "sasko1234"]
[Black "mbojan"]
[Result "0-1"]
[WhiteElo "2392"]
[BlackElo "2543"]
[TimeControl "180+1"]
[EndTime "10:54:05 PDT"]
[Termination "mbojan won by resignation"]

1. b3 Nf6 2. Bb2 g6 3. g4 Bg7 4. g5 Nh5 5. Bxg7 Nxg7 6. Nc3 h6 7. gxh6 Rxh6 8. d4 d5 9. Qd2 Rh8 10. O-O-O c6 11. Nf3 Bf5 12. Ne5 Nd7 13. Nxd7 Qxd7 14. f3 Bh3 15. e4 Bxf1 16. Rhxf1 O-O-O 17. exd5 cxd5 18. Na4 Nf5 19. Rfe1 Qc7 20. Re2 Rh4 21. Qb4 Kb8 22. Nc5 Ka8 23. Rd3 b6 24. Na4 Qd6 25.
Qc3 Kb7 26. Kb2 Rxh2 27. Rxh2 Qxh2 28. Qc4 dxc4 0-1

[Event "*** SCC Grand Prix: Titled Tuesday Blitz"]
[Site "Chess.com"]
[Date "2020.07.07"]
[Round "5"]
[White "AlexSuv"]
[Black "Dyadya81"]
[Result "0-1"]
[WhiteElo "2567"]
[BlackElo "2741"]
[TimeControl "180+1"]
[EndTime "10:54:12 PDT"]
[Termination "Dyadya81 won by resignation"]

1. d4 Nf6 2. c4 g6 3. Nc3 Bg7 4. e4 d6 5. Nf3 O-O 6. Be2 e5 7. Be3 exd4 8. Nxd4 Re8 9. f3 c6 10. Bf2 d5 11. exd5 cxd5 12. c5 Nc6 13. O-O Nh5 14.
Re1 Nf4 15. Bf1 Rxe1 16. Qxe1 Bxd4 17. Bxd4 Nxd4 18. Rd1 Nfe6 19. Qe5 Nc6 20. Qxd5 Qxd5 21. Nxd5 Nxc5 22. b4 Ne6 23. b5 Ncd4 24. Rc1 Kf8 25. a4 Bd7 26. Nf6 Ke7 27. Nd5+ Kd6 28. Nf6 a6 29. bxa6 bxa6 30. Nxh7 Bxa4 31. Nf6 Bb5 32. Ne4+ Ke7 33. Kf2 Bxf1 34. Rxf1 a5 35. Ra1 a4 36. g3 a3 37. f4 Nc2 38. Ra2 Nb4 39. Ra1 a2 40. Nc3 Nd4 41. Re1+ Kf8 0-1

[Event "*** SCC Grand Prix: Titled Tuesday Blitz"]
[Site "Chess.com"]
[Date "2020.07.07"]
[Round "5"]
[White "colegiodemadrid"]
[Black "BeanScreen"]
[Result "0-1"]
[WhiteElo "2411"]
[BlackElo "2574"]
[TimeControl "180+1"]
[EndTime "10:54:12 PDT"]
[Termination "BeanScreen won by resignation"]

1. e4 e5 2. Nf3 Nc6 3. Bb5 a6 4.
Ba4 d6 5. O-O Nf6 6. Re1 Be7 7.
c3 O-O 8. h3 b5 9. Bc2 Bb7 10.
a4 Re8 11. d3 Bf8 12. Nbd2 Nb8 13. Bb3 h6 14. Nf1 Nbd7 15. axb5 axb5 16. Rxa8 Qxa8 17. Ng3 d5 18. Qe2 c5 19. Bc2 d4 20. Bb3 c4 21.
dxc4 Nc5 22. Bc2 bxc4 23. cxd4 exd4 24. Nxd4 Ncxe4 25. Nxe4 Bxe4 26. Bxe4 Rxe4 27. Qd1 Qd5 28. Rxe4 Nxe4 29. Be3 Bc5 30. Kf1 f5 31. g3 Ng5 32.
h4 Ne6 33. Qa4 Nxd4 0-1

[Event "*** SCC Grand Prix: Titled Tuesday Blitz"]
[Site "Chess.com"]
[Date "2020.07.07"]
[Round "5"]
[White "FMOlexandrProhorov"]
[Black "AndrewDGreen"]
[Result "0-1"]
[WhiteElo "2130"]
[BlackElo "2340"]
[TimeControl "180+1"]
[EndTime "10:54:12 PDT"]
[Termination "AndrewDGreen won on time"]

1. e4 c5 2. c3 d5 3. exd5 Qxd5 4.
d4 g6 5. Be3 cxd4 6. cxd4 Bg7 7.
Nc3 Qa5 8. Bc4 Nh6 9. Nf3 O-O 10. O-O Bg4 11. h3 Bxf3 12. Qxf3 Nc6 13. Rfd1 Nf5 14. Rac1 Rac8 15. b3 a6 16. a4 e6 17. Ne2 Rfd8 18.
d5 Ne5 19. Qe4 Nxc4 20. bxc4 Nxe3 21. fxe3 exd5 22. cxd5 Rxc1 23. Nxc1 Qc5 24. Nb3 Qc3 25. Nd4 Qb4 26. Rf1 Qxa4 27. Qe7 Qe8 0-1

[Event "*** SCC Grand Prix: Titled Tuesday Blitz"]
[Site "Chess.com"]
[Date "2020.07.07"]
[Round "5"]
[White "stanyga"]
[Black "KingCrusher275"]
[Result "1-0"]
[WhiteElo "2624"]
[BlackElo "2434"]
[TimeControl "180+1"]
[EndTime "10:54:13 PDT"]
[Termination "stanyga won by resignation"]

1. d4 d5 2. Nf3 Nf6 3. c4 e6 4. Nc3 Be7 5. e3 O-O 6. Bd2 b6 7. Rc1 c5 8. cxd5 exd5 9. Bd3 Bb7 10. O-O Nbd7 11. Bb1 Ne4 12. Be1 Ndf6 13. Ne5 cxd4 14. exd4 Rc8 15. f3 Nxc3 16. Bxc3 Bd6 17.
Qd3 Re8 18. Rfe1 g6 19. Bd2 Nd7 20. Bc3 Nxe5 21. dxe5 Bc5+ 22. Bd4 Qd7 23. Kh1 Bxd4 24. Qxd4 Rxc1 25. Rxc1 Rc8 26. Rd1 Rc4 27. Qxc4 1-0

[Event "*** SCC Grand Prix: Titled Tuesday Blitz"]
[Site "Chess.com"]
[Date "2020.07.07"]
[Round "5"]
[White "carlesdc96"]
[Black "Makswolf200817"]
[Result "1-0"]
[WhiteElo "2706"]
[BlackElo "2507"]
[TimeControl "180+1"]
[EndTime "10:54:14 PDT"]
[Termination "carlesdc96 won by resignation"]

1. e4 e6 2. d4 d5 3. Nc3 Bb4 4. e5 c5 5. Bd2 Ne7 6. a3 Bxc3 7. Bxc3 O-O 8. dxc5 Nec6 9. Nf3 Nd7 10. b4 a5 11. Bd3 h6 12. O-O Qc7 13. Re1 f6 14.
exf6 Nxf6 15. Ne5 d4 16. Nxc6 dxc3 17. Nxa5 Rxa5 18. bxa5 Qxc5 19. Qe2 Nd5 20. g3 Qxa5 21. Qe5 Qc5 22. Re2 Bd7 23. Qe4 Nf6 24. Qb4 Qc6 25. Rb1 Qf3 26. Re3 Qd5 27. Qc4 Qa5 28. Rxb7 Bc8 29.
Rc7 Ba6 30. Qxa6 Qxc7 31. Qxe6+ Kh8 32. Qf5 Qa7 33. Re6 Kg8 34. Ra6 Qe7 35. Qe6+ Qxe6 36. Rxe6 Ra8 37. Ra6 1-0

[Event "*** SCC Grand Prix: Titled Tuesday Blitz"]
[Site "Chess.com"]
[Date "2020.07.07"]
[Round "5"]
[White "JozefKneht"]
[Black "Alexsur1981"]
[Result "1-0"]
[WhiteElo "2468"]
[BlackElo "2600"]
[TimeControl "180+1"]
[EndTime "10:54:14 PDT"]
[Termination "JozefKneht won by resignation"]

1. e4 c5 2. Nf3 e6 3. d4 cxd4 4. Nxd4 Nf6 5. Nc3 Nc6 6. Ndb5 Bb4 7. Bf4 O-O 8. Bd6 a6 9. Bxb4 Nxb4 10. Nd6 Qc7 11.
Qd2 b5 12. O-O-O Bb7 13. Kb1 Bc6 14. f3 Ne8 15. Be2 a5 16. Ncxb5 Qb8 17. a3 Nxd6 18.
Nxd6 Na6 19. Ka1 Nc7 20. Bc4 Qa7 21. Qd4 Qb8 22. h4 Nb5 23. Bxb5 Bxb5 24. h5 h6 25. Rd2 Bc6 26. g4 Qc7 27. g5 hxg5 28. h6 f6 29.
hxg7 Kxg7 30. Rdh2 Rh8 31. Rxh8 Rxh8 32. Rxh8 Kxh8 33.
Qxf6+ Kh7 34. Ne8 Qf4 1-0

[Event "*** SCC Grand Prix: Titled Tuesday Blitz"]
[Site "Chess.com"]
[Date "2020.07.07"]
[Round "5"]
[White "Sharpchess22"]
[Black "JoliyRoger"]
[Result "1-0"]
[WhiteElo "2690"]
[BlackElo "2259"]
[TimeControl "180+1"]
[EndTime "10:54:14 PDT"]
[Termination "Sharpchess22 won by checkmate"]

1. d4 Nf6 2. Bg5 Ne4 3. h4 Nxg5 4. hxg5 g6 5. Nf3 Bg7 6. c3 d6 7. Qd2 Bg4 8. Qf4 Bxf3 9. Qxf3 c6 10. Nd2 d5 11. e4 e6 12. Qg3 Qb6 13. Rb1 Nd7 14. Be2 h5 15. Qf4 e5 16. dxe5 Bxe5 17. Qh4 dxe4 18.
Nc4 Qc7 19. Qxe4 O-O-O 20. g3 Rhe8 21. Qf3 Nc5 22. Kf1 Qe7 23. b4 Na4 24. Rb3 Qxg5 25.
b5 Nc5 26. Ra3 Bb8 27. bxc6 bxc6 28. Qxc6+ Bc7 29. Rxa7 Rd7 30. Ra8# 1-0

[Event "*** SCC Grand Prix: Titled Tuesday Blitz"]
[Site "Chess.com"]
[Date "2020.07.07"]
[Round "5"]
[White "Iball95"]
[Black "Keithonsky"]
[Result "1-0"]
[WhiteElo "2579"]
[BlackElo "2421"]
[TimeControl "180+1"]
[EndTime "10:54:16 PDT"]
[Termination "Iball95 won by resignation"]

1. e4 c5 2. Nf3 e6 3. g3 d5 4.
exd5 Qxd5 5. Nc3 Qh5 6. Bg2 Nf6 7. O-O Be7 8. d4 O-O 9. h3 cxd4 10. Nxd4 a6 11.
Qxh5 Nxh5 12. Be3 Nd7 13. Rfd1 Nhf6 14. Nb3 Rb8 15. Ba7 Ra8 16. Be3 Rb8 17. Na5 Bb4 18.
Nc4 b5 19. Nd6 Ne5 20. Nce4 Nd5 21. c3 Nxe3 22. fxe3 Ba5 23. Nxc8 Rfxc8 24. Nd6 Rc7 25. Rd2 Bb6 26. Kf2 Rd8 27. Rad1 Rcd7 28. Ke2 Bxe3 29. Kxe3 Rxd6 30. Rxd6 Rxd6 31. Rxd6 Nc4+ 32. Kd4 Nxd6 33. Kc5 Nf5 34. Kb6 Ne3 35. Bf3 Nc4+ 36. Kxa6 Nxb2 37.
Kxb5 f5 38. a4 e5 39. Bd5+ Kf8 40. a5 e4 41. a6 e3 42. a7 e2 43. a8=Q+ Ke7 44. Qb7+ Kd8 45. Qb8+ Kd7 46. Bc6+ Ke7 47. Qe5+ 1-0

[Event "*** SCC Grand Prix: Titled Tuesday Blitz"]
[Site "Chess.com"]
[Date "2020.07.07"]
[Round "5"]
[White "Mazetovic"]
[Black "Onischuk_V"]
[Result "0-1"]
[WhiteElo "2755"]
[BlackElo "2895"]
[TimeControl "180+1"]
[EndTime "10:54:17 PDT"]
[Termination "Onischuk_V won by resignation"]

1. e4 d6 2. d4 Nf6 3. Nc3 g6 4. h3 Bg7 5. Be3 c6 6. f4 O-O 7. Nf3 b5 8. a3 a5 9. Bd3 Ba6 10.
O-O b4 11. Nb1 Qb6 12. Qe2 Nxe4 13. f5 Ng3 14. Qd1 Bxd3 15. Qxd3 Nxf1 16. Qxf1 Nd7 17. a4 Qa6 18. Qe1 Qc4 19. Qh4 Qxc2 20. Nbd2 Qxf5 21.
Rf1 h5 22. g4 Qd3 23. Re1 Nf6 24.
gxh5 Nxh5 25. Bf2 Bf6 26. Qg4 Qf5 27. Ne4 Qxg4+ 28. hxg4 Nf4 29. Bg3 Nd5 30. Nxf6+ exf6 31. Bxd6 Rfe8 32. Rc1 Re6 33. Bg3 Ne3 34. g5 Nf5 35.
Bf2 Rd8 36. gxf6 Rxf6 37. Rc5 Rd5 38. Rc2 Re6 39. Ne5 Nxd4 40. Bxd4 Rxd4 0-1

[Event "*** SCC Grand Prix: Titled Tuesday Blitz"]
[Site "Chess.com"]
[Date "2020.07.07"]
[Round "5"]
[White "ailime26"]
[Black "Michaelson_11"]
[Result "0-1"]
[WhiteElo "1869"]
[BlackElo "2099"]
[TimeControl "180+1"]
[EndTime "10:54:17 PDT"]
[Termination "Michaelson_11 won by resignation"]

1. e4 c5 2. Nf3 Nc6 3. d4 cxd4 4. Nxd4 g6 5. c4 Nf6 6. Nc3 d6 7. Be3 Ng4 8. Nc2 Nxe3 9. Nxe3 Bg7 10. Be2 O-O 11. O-O Nd4 12. Bd3 Bd7 13. Rc1 Rc8 14. b3 Ne6 15. Ncd5 Bc6 16. f4 Nc5 17. Bb1 e6 18.
Nc3 Qb6 19. Re1 Rfd8 20. Kh1 Bxc3 21. Rxc3 Bxe4 22. Bxe4 Nxe4 23. Rc2 f5 24. Qd3 d5 25. cxd5 Rxc2 26. Qxc2 exd5 27. g3 d4 28. Nc4 d3 29.
Qc3 Nxc3 30. Nxb6 axb6 0-1

[Event "*** SCC Grand Prix: Titled Tuesday Blitz"]
[Site "Chess.com"]
[Date "2020.07.07"]
[Round "5"]
[White "PIwan"]
[Black "Raja3401"]
[Result "0-1"]
[WhiteElo "2517"]
[BlackElo "2772"]
[TimeControl "180+1"]
[EndTime "10:54:19 PDT"]
[Termination "Raja3401 won on time"]

1. c4 e5 2. Nc3 Nf6 3. Nf3 Nc6 4. e3 Bb4 5. Qc2 O-O 6. Nd5 Re8 7. Qf5 Be7 8. Nxe5 Nxe5 9. Qxe5 Nxd5 10. Qxd5 c6 11. Qf3 d5 12. Be2 Be6 13. b3 Bf6 14. d4 dxc4 15.
bxc4 c5 16. O-O cxd4 17. Rd1 Qb6 18. Bd2 d3 19. Bxd3 Bxa1 20. Rxa1 Rad8 21. Rb1 Qa6 22. Rb3 Qxa2 23. Qd1 Bxc4 24. Bxc4 Rxd2 25. Qc1 Red8 26.
Bxf7+ Kxf7 27. Qc4+ Kf8 28. Qf4+ Kg8 29. Qc4+ Kh8 0-1

[Event "*** SCC Grand Prix: Titled Tuesday Blitz"]
[Site "Chess.com"]
[Date "2020.07.07"]
[Round "5"]
[White "Jungle_Jaguar"]
[Black "albano87"]
[Result "1-0"]
[WhiteElo "2656"]
[BlackElo "2436"]
[TimeControl "180+1"]
[EndTime "10:54:19 PDT"]
[Termination "Jungle_Jaguar won by resignation"]

1. e4 c5 2. Nf3 Nc6 3. Bb5 d6 4. O-O Bd7 5. c3 Nf6 6. Re1 a6 7. Bf1 Bg4 8. h3 Bxf3 9. Qxf3 e5 10. a4 Be7 11. Na3 O-O 12. Nc4 b5 13. Ne3 b4 14.
Nd5 Nxd5 15. exd5 Na5 16. c4 f5 17. d3 Nb3 18. Rb1 Kh8 19. Qd1 Nxc1 20. Rxc1 Bg5 21.
Rc2 f4 22. b3 f3 23. g3 Qf6 24.
Re4 Qg6 25. Kh2 h5 26. h4 Bh6 27. Bh3 Rf6 28. Ra2 a5 29. Ra1 Raf8 30. Qh1 Qf7 31. Kg1 Rg6 32. Kf1 Qf6 33. Ke1 Bf4 34. gxf4 exf4 35.
d4 cxd4 36. Re6 Qf7 37. Kd2 d3 38. Qxf3 Rxe6 39. Bxe6 Qg6 40. Rg1 Qf6 41. Qxh5+ 1-0

[Event "*** SCC Grand Prix: Titled Tuesday Blitz"]
[Site "Chess.com"]
[Date "2020.07.07"]
[Round "5"]
[White "TigranMukhutdinov"]
[Black "Stosk"]
[Result "1-0"]
[WhiteElo "2526"]
[BlackElo "2366"]
[TimeControl "180+1"]
[EndTime "10:54:21 PDT"]
[Termination "TigranMukhutdinov won on time"]

1. Nf3 f5 2. d3 Nc6 3. e4 e5 4. Nc3 Nf6 5. d4 exd4 6. Nxd4 fxe4 7.
Bg5 Bb4 8. Nxc6 bxc6 9. Qd4 Qe7 10. O-O-O Bxc3 11. Qxc3 O-O 12. f3 exf3 13. gxf3 Qf7 14.
Bc4 d5 15. Bd3 Bd7 16. Rhg1 Kh8 17. Kb1 Rab8 18. Be3 Ne8 19. Bxa7 Ra8 20. Bd4 Rg8 21. h4 Nd6 22. h5 c5 23. Qxc5 Bf5 24. h6 Ne8 25.
Qc3 Bg6 26. Bxg6 hxg6 27. Rh1 1-0

[Event "*** SCC Grand Prix: Titled Tuesday Blitz"]
[Site "Chess.com"]
[Date "2020.07.07"]
[Round "5"]
[White "aa175"]
[Black "Lenyas66"]
[Result "1-0"]
[WhiteElo "2367"]
[BlackElo "2483"]
[TimeControl "180+1"]
[EndTime "10:54:23 PDT"]
[Termination "aa175 won by checkmate"]

1. d4 e6 2. Bf4 Nf6 3. e3 c5 4.
Nf3 b6 5. Nbd2 Bb7 6. Nc4 cxd4 7. exd4 d6 8. Bd3 Be7 9. O-O O-O 10. Re1 Nc6 11.
c3 b5 12. Ne3 b4 13. c4 a5 14. d5 exd5 15. cxd5 Nb8 16. Nf5 Nxd5 17. Be4 Nxf4 18. Bxb7 Bf6 19. Bxa8 Bxb2 20. Rb1 Bc3 21.
Re4 Ne6 22. Bd5 Nc5 23. Ne7+ Kh8 24. Re3 Nbd7 25. Ng5 Ne5 26. Qh5 h6 27. Rxe5 Bxe5 28. Qxf7 Bf6 29. Ng6# 1-0

[Event "*** SCC Grand Prix: Titled Tuesday Blitz"]
[Site "Chess.com"]
[Date "2020.07.07"]
[Round "5"]
[White "GM_LOADING"]
[Black "sewin16"]
[Result "1-0"]
[WhiteElo "2570"]
[BlackElo "2409"]
[TimeControl "180+1"]
[EndTime "10:54:25 PDT"]
[Termination "GM_LOADING won by resignation"]

1. e4 e5 2. Nf3 Nc6 3. Bc4 Bc5 4. O-O Nf6 5. d3 d6 6. c3 Bb6 7. a4 a5 8. Re1 h6 9. Nbd2 O-O 10. h3 Re8 11. Nf1 Be6 12. Bb5 Bd7 13. Ng3 Ne7 14. Bc4 Ng6 15. d4 exd4 16. cxd4 Be6 17. Bd3 Nf8 18. Be3 Bd7 19. Rc1 Bc6 20. Qc2 Rc8 21. b3 Qe7 22. Qd2 Bxe4 23. Bxh6 d5 24. Bxg7 Kxg7 25. Nf5+ Bxf5 26. Rxe7 Rxe7 27.
Bxf5 Rce8 28. Qg5+ Ng6 29. Bxg6 fxg6 30. Ne5 1-0

[Event "*** SCC Grand Prix: Titled Tuesday Blitz"]
[Site "Chess.com"]
[Date "2020.07.07"]
[Round "5"]
[White "kidagent"]
[Black "vangulio"]
[Result "0-1"]
[WhiteElo "2233"]
[BlackElo "2457"]
[TimeControl "180+1"]
[EndTime "10:54:25 PDT"]
[Termination "vangulio won by resignation"]

1. e4 c5 2. Nf3 d6 3. d4 cxd4 4. Nxd4 Nf6 5. Nc3 g6 6. Be2 Bg7 7. Be3 O-O 8. O-O Nc6 9. Nb3 Be6 10. f4 Qc8 11. h3 Rd8 12. g4 d5 13. e5 Ne4 14. Nxe4 dxe4 15. Qe1 a5 16. c3 a4 17. Nd2 a3 18. b3 f6 19. exf6 exf6 20. Nxe4 Bd5 21.
Bf3 f5 22. Ng5 Bxf3 23. Rxf3 fxg4 24. hxg4 Qxg4+ 25. Rg3 Qf5 26. Rc1 Rd3 27. c4 Re8 28. Qf2 Rdxe3 29. Rxe3 Rxe3 0-1

[Event "*** SCC Grand Prix: Titled Tuesday Blitz"]
[Site "Chess.com"]
[Date "2020.07.07"]
[Round "5"]
[White "Al_Shima"]
[Black "chesslh19"]
[Result "1-0"]
[WhiteElo "2345"]
[BlackElo "2134"]
[TimeControl "180+1"]
[EndTime "10:54:25 PDT"]
[Termination "Al_Shima won by resignation"]

1. b3 e5 2. Bb2 Nc6 3. e3 Nf6 4.
Bb5 Bd6 5. Ne2 O-O 6. Ng3 Re8 7. e4 Bf8 8. O-O a6 9. Bxc6 dxc6 10. d3 Bg4 11. f3 Bd7 12. Nc3 c5 13. Nce2 Bc6 14. h3 b5 15. f4 exf4 16. Rxf4 Nd7 17. Qf1 f6 18. Nh5 Ne5 19. Qf2 Kh8 20. Rxf6 gxf6 21. Nxf6 Bg7 22. Nh5 Qg5 23. Nxg7 Kxg7 24. Qxc5 Re6 25.
Nd4 Kg8 26. Nxe6 Nf3+ 27. Kh1 Qxc5 28. Nxc5 Nd4 1-0

[Event "*** SCC Grand Prix: Titled Tuesday Blitz"]
[Site "Chess.com"]
[Date "2020.07.07"]
[Round "5"]
[White "doctorcristian"]
[Black "MomchilPetkov"]
[Result "0-1"]
[WhiteElo "2394"]
[BlackElo "2547"]
[TimeControl "180+1"]
[EndTime "10:54:26 PDT"]
[Termination "MomchilPetkov won on time"]

1. d4 Nf6 2. c4 e6 3. Nc3 Bb4 4. e3 c5 5. Ne2 cxd4 6. exd4 O-O 7. a3 Be7 8. Nf4 d6 9. Be2 e5 10. Nfd5 Nc6 11. Be3 Nxd5 12. Nxd5 Bg5 13. O-O Bxe3 14. fxe3 Qg5 15. Rf3 Bd7 16. Rg3 Qh6 17. Qd3 Rad8 18.
Rf1 f5 19. Rh3 Qg6 20. Rg3 Qe8 0-1

[Event "*** SCC Grand Prix: Titled Tuesday Blitz"]
[Site "Chess.com"]
[Date "2020.07.07"]
[Round "5"]
[White "MoreChessJulia"]
[Black "YellowJacek"]
[Result "1-0"]
[WhiteElo "1842"]
[BlackElo "2253"]
[TimeControl "180+1"]
[EndTime "10:54:28 PDT"]
[Termination "MoreChessJulia won by resignation"]

1. d4 d5 2. c4 c6 3. Nf3 Nf6 4. Nc3 dxc4 5. Ne5 b5 6. a4 b4 7. Na2 a5 8. Nxc4 Nbd7 9. b3 e6 10. Bb2 Bb7 11. f3 c5 12. Nc1 Be7 13. Nd3 cxd4 14. Bxd4 O-O 15. e4 Rc8 16. Nde5 Nxe5 17. Bxe5 Bc5 18. Qxd8 Rfxd8 19. Be2 Ne8 20. Nxa5 Ba8 21. Nc4 f6 22. Bg3 Bd4 23. Rd1 e5 24. Bd3 Nd6 25. Nxd6 Rxd6 26. Bc4+ Kf8 27. Bf2 Bc3+ 28.
Ke2 Ke7 29. Rxd6 Kxd6 30. Rd1+ Ke7 31. Be3 Bc6 32. a5 Bd7 33. a6 Be6 34. Bxe6 Kxe6 35. Rd5 Ra8 36. a7 Bd4 37. Bxd4 exd4 38. Ra5 Kd6 39.
Kd3 Kc6 40. Kxd4 Kb6 41. Ra4 Kb7 42. Rxb4+ 1-0

[Event "*** SCC Grand Prix: Titled Tuesday Blitz"]
[Site "Chess.com"]
[Date "2020.07.07"]
[Round "5"]
[White "dianamirza"]
[Black "Vandros57"]
[Result "1-0"]
[WhiteElo "1973"]
[BlackElo "2107"]
[TimeControl "180+1"]
[EndTime "10:54:28 PDT"]
[Termination "dianamirza won by resignation"]

1. d4 d5 2. Nf3 Nf6 3. e3 e6 4.
Bd3 c5 5. b3 Nc6 6. Bb2 Bd6 7.
Ne5 Bxe5 8. dxe5 Nd7 9. f4 b6 10. Nd2 a5 11. O-O Ba6 12. Nf3 Bxd3 13. Qxd3 g6 14.
Rad1 Qc7 15. c4 dxc4 16. Qxc4 O-O-O 17. Nd2 Kb8 18. Ne4 Na7 19. Nd6 Rhf8 20. Rd2 Nc8 21.
Nb5 Qb7 22. Rfd1 Qc6 23. Nc3 Qc7 24. Ne4 Qc6 25. Nd6 Nxd6 26. Rxd6 Qc7 27. Qe4 Qb7 28. Qxb7+ Kxb7 29. Rxd7+ Rxd7 30. Rxd7+ 1-0

[Event "*** SCC Grand Prix: Titled Tuesday Blitz"]
[Site "Chess.com"]
[Date "2020.07.07"]
[Round "5"]
[White "biaf13"]
[Black "Belka1989"]
[Result "1/2-1/2"]
[WhiteElo "1964"]
[BlackElo "2269"]
[TimeControl "180+1"]
[EndTime "10:54:29 PDT"]
[Termination "Game drawn by repetition"]

1. e4 e5 2. Nf3 Nc6 3. Bb5 a6 4.
Ba4 f5 5. d3 Nf6 6. Qe2 fxe4 7.
dxe4 d6 8. h3 b5 9. Bb3 Na5 10.
O-O Nxb3 11. axb3 Bb7 12. Nbd2 Be7 13. b4 O-O 14. b3 Qe8 15. Bb2 Qg6 16. Rfe1 Nh5 17.
g3 Nf4 18. Qf1 h5 19. Kh2 Ne6 20. Qg2 h4 21. Nxh4 Bxh4 22. gxh4 Qxg2+ 23. Kxg2 Nf4+ 24. Kg3 Rf6 25. Nf3 Nh5+ 26. Kg4 Nf4 27. Ng5 Raf8 28. Bc1 Ng6 29. f3 Nf4 30. Bd2 Bc8+ 31. Kg3 Nh5+ 32. Kg2 Nf4+ 33. Kg3 Nh5+ 34. Kg2 Nf4+ 35. Kg3 1/2-1/2

[Event "*** SCC Grand Prix: Titled Tuesday Blitz"]
[Site "Chess.com"]
[Date "2020.07.07"]
[Round "5"]
[White "cassoulet"]
[Black "jefferyx"]
[Result "0-1"]
[WhiteElo "2643"]
[BlackElo "2907"]
[TimeControl "180+1"]
[EndTime "10:54:33 PDT"]
[Termination "jefferyx won by resignation"]

1. e4 c5 2. Nf3 d6 3. Nc3 Nf6 4.
d4 cxd4 5. Nxd4 a6 6. g3 g6 7. Bg2 Bg7 8. O-O O-O 9. Be3 Ng4 10.
Bc1 Nc6 11. Nb3 Nge5 12. h3 b5 13. Nd5 Bb7 14. c3 Nc4 15. Qe2 e6 16. Ne3 N6e5 17. Nxc4 Nxc4 18. Bf4 Qb6 19. Rad1 Rfd8 20. h4 Rac8 21.
h5 a5 22. Bg5 Re8 23. Nc1 Ba6 24. Nd3 b4 25. b3 bxc3 26. bxc4 Bxc4 27. Qc2 Qb5 28.
Rfe1 Qxg5 29. hxg6 hxg6 30. e5 dxe5 31. Nc1 e4 32.
Rxe4 Bd5 33. Ra4 Bxg2 34. Kxg2 Red8 35. Rd3 Qb5 36. Re4 Qb2 37. Re2 Qxc2 38. Rxc2 Rxd3 39.
Nxd3 Rd8 40. Ne1 Rd2 0-1